 Dungeon Crawl Stone Soup version 0.28-a0-60-g54b5640690 (webtiles) character file.

Game seed: 10019018230539251578

187 popfantom the Ruffian (level 5, -5/37 (46) HPs)
             Began as a Troll Berserker on July 30, 2021.
             Was a Believer of Trog.
             Slain by a wight (9 damage)
             ... on level 4 of the Dungeon.
             The game lasted 00:20:27 (5449 turns).

popfantom the Ruffian (Troll Berserker)             Turns: 5449, Time: 00:20:27

HP:   -5/37 (46)    AC:  8    Str: 24 (26) XL:     5   Next: 39%
MP:   4/4           EV: 25    Int:  3      God:    Trog [**....]
Gold: 82            SH:  0    Dex:  8 (9)  Spells: 4/4 levels left

rFire   . . .      SeeInvis .     - Unarmed
rCold   . . .      Faith    .   (no shield)
rNeg    . . .      Spirit   .   a - +0 animal skin
rPois   .          Reflect  .   (helmet restricted)
rElec   .          Harm     .   (no cloak)
rCorr   .          Rampage  .   (gloves unavailable)
Will    .....                   (boots unavailable)
Stlth   +.........              l - amulet of the acrobat
HPRegen 1.12/turn               c - +4 ring of protection
MPRegen 0.09/turn               (no ring)

@: on berserk cooldown, acrobatic, slowed, heavily drained, very slow
A: large, unfitting armour, claws 3, regeneration 1, shaggy fur 1, tough skin 1,
frail 1
a: Renounce Religion, Berserk, Trog's Hand


You were on level 4 of the Dungeon.
You worshipped Trog.
Trog was pleased with you.
You visited 1 branch of the dungeon, and saw 4 of its levels.

You collected 121 gold pieces.
You spent 39 gold pieces at shops.

Inventory:

Hand Weapons
 d - a +2 trident of distortion
 j - a +2 dagger of speed
Missiles
 h - 68 stones
 m - 20 poisoned darts (quivered)
Armour
 a - a +0 animal skin (worn)
 b - a scarf of invisibility
 e - a +0 animal skin
 g - a +0 helmet
 k - a +0 robe
 n - a +0 robe
Jewellery
 c - a +4 ring of protection (left claw)
 l - an amulet of the acrobat (around neck)
Wands
 i - a wand of iceblast (6)
Scrolls
 f - 2 scrolls of immolation
 p - a scroll of teleportation
Potions
 o - a potion of degeneration


   Skills:
 + Level 2.9 Fighting
 + Level 3.3 Dodging
 + Level 0.6 Stealth
 + Level 4.8 Unarmed Combat


You had 4 spell levels left.
You didn't know any spells.
Your spell library contained the following spells:

 Spells                   Type           Power      Damage    Failure   Level
 Foxfire                  Conj/Fire      0%         2x1d4     52%         1
 Conjure Flame            Conj/Fire      0%         6-21      88%         3
 Inner Flame              Hex/Fire       0%         N/A       88%         3
 Leda's Liquefaction      Hex/Erth       0%         N/A       99%         4
 Bolt of Magma            Conj/Fire/Erth 0%         4d4       100%        5
 Statue Form              Tmut/Erth      0%         N/A       100%        6


Dungeon Overview and Level Annotations

Branches:
Dungeon (4/15)
 Temple: D:4-7

Altars:
Fedhas
Xom

Shops:
D:2 *[!


Innate Abilities, Weirdness & Mutations

You are too large for most types of armour.
You have claws for hands.
Your natural rate of healing is unusually fast.
You are covered in fur. (AC +1)
You have tough skin. (AC +1)
You are frail. (-10% HP)


Message History

You destroy the wight!
Trog accepts your kill. The wight closely misses you.
You feel your strength returning.
Your life force feels restored.
The wight misses you.
Things that are here:
a +0 dire flail; a +0 robe You scratch the wight.
The wight is moderately damaged.
The wight barely misses you.
You claw the wight!
The wight is severely damaged.
The wight hits you with a +0 falchion.
You feel drained. The wight hits you with a +0 mace.
Okay, then.
You feel a strong urge to attack something.
The wight completely misses you.
You feel your anger nearly subside.
You are no longer berserk.
You are exhausted.
You feel yourself slow down. The wight completely misses you.
You completely miss the wight.
The wight is severely damaged.
The wight hits you with a +0 falchion.
You feel drained.
The wight hits you with a +3 short sword!
You feel drained. The wight misses you. x2
The wight hits you with a +3 short sword!
You feel drained.
You barely miss the wight. The wight hits you but does no damage.
The wight barely misses you. The wight hits you with a +0 falchion.
* * * LOW HITPOINT WARNING * * *
The wight completely misses you. The wight misses you.
The wight hits you with a +0 mace!
* * * LOW HITPOINT WARNING * * *
You feel drained.
* * * LOW HITPOINT WARNING * * *
The wight hits you with a +0 falchion!
You die...

#..# ##.## #..# #######
#..## #.....# #...# #.###.#
##..## #.#...#
#..z########.#.### ######
##zz##.........# #....#
#.@.#.#####.###
######.##.######..#.# #)#
........#.#......>..#####.#
........#.#.####..........#
..........#.# #..####..###
........<##.## #..###...#.#
.............###..........#
.........###.......######.#
.........#
#.####.......#.##


You could see 3 wights.

Vanquished Creatures
  A wight (D:4)
  Jessica (D:2)
  Robin (D:2)
  3 adders
  A worm (D:2)
  2 dart slugs
  2 orcs (D:4)
  7 ball pythons
  3 bats
  4 endoplasms (D:1)
  3 giant cockroaches
  15 goblins
  12 hobgoblins
  6 kobolds
  2 frilled lizards
  8 rats
71 creatures vanquished.

Vanquished Creatures (others)
  A giant cockroach (D:3)
  A jackal (D:3)
  A frilled lizard (D:3)
  A kobold (D:3)
  A rat (D:3)
5 creatures vanquished.

Grand Total: 76 creatures vanquished

Notes
Turn   | Place    | Note
-------+----------+-------------------------------------------
     0 | D:1      | popfantom the Troll Berserker began the quest for the Orb.
     0 | D:1      | Reached XP level 1. HP: 22/22 MP: 0/0
   178 | D:1      | Reached XP level 2. HP: 29/29 MP: 1/1
   214 | D:1      | Found a faded altar of an unknown god.
   759 | D:1      | Reached ** piety under Trog
   760 | D:1      | Reached XP level 3. HP: 36/36 MP: 2/2
  1235 | D:1      | Identified a scroll of acquirement
  1235 | D:1      | Acquired a scarf of invisibility
  1377 | D:2      | Found Luhefogh's Antique Armour Emporium.
  1428 | D:2      | Noticed Robin
  1536 | D:2      | Killed Robin
  1674 | D:2      | Found Jutwy's General Store.
  1754 | D:2      | Noticed Jessica
  1771 | D:2      | Killed Jessica
  1772 | D:2      | Reached skill level 4 in Unarmed Combat
  1772 | D:2      | Reached XP level 4. HP: 43/44 MP: 3/3
  1780 | D:2      | Found Giga's Distillery.
  4152 | D:2      | Bought a potion of curing for 39 gold pieces
  4519 | D:3      | Found a shimmering altar of Xom.
  4621 | D:3      | Reached XP level 5. HP: 47/52 MP: 4/4
  4817 | D:3      | Found a blossoming altar of Fedhas.
  5321 | D:4      | Gained mutation: You are frail. (-10% HP) [potion of
                  | mutation]
  5449 | D:4      | Slain by a wight

Illustrated notes

Levels and vault maps discovered:
D:1:      onia_arrival_handbag, layout_basic,
          hellmonk_ecumenical_altar_leap_of_faith, minmay_misc_feat_ornament,
          st_stairs_4
D:2:      layout_loops_corners, serial_shops, shop_statue,
          nicolae_lakefront_shop, shop, st_stairs_7, uniq_robin, uniq_jessica
D:3:      layout_basic, xom_confusion_cloud, fedhas_ov_isle_minmay
D:4:      layout_basic, serial_shops, nicolae_shop_competitors_out_of_business,
          minmay_fractal_squares_diagonal_5, uniq_ijyb, uniq_crazy_yiuf_cottage

Skill      XL: |  1  2  3 |
---------------+----------+-----
Dodging        | 3 |  3.3
Unarmed Combat | 4 |  4.8
Fighting       | |  2.9
Stealth        | |  0.6

Action                   |  1- 3 |  4- 6 || total
-------------------------+-------+-------++-------
Melee: Unarmed           |   112 |    73 ||   185
       Punch             |       |     1 ||     1
Invok: Berserk           |     1 |     1 ||     2
       Trog's Hand       |     2 |       ||     2
  Use: Scroll            |     5 |     3 ||     8
       Potion            |       |     5 ||     5
Armor: Animal skin       |    64 |    20 ||    84
Dodge: Dodged            |    89 |    50 ||   139

Table legend: (Time is in decaauts)
 A = Elapsed time spent in this place.
 B = Non-inter-level travel time spent in this place.
 C = Inter-level travel time spent in this place.
 D = Time resting spent in this place.
 E = Time spent auto-exploring this place.
 F = Levels seen in this place.
 G = Mean time per level.
                   A        B        C        D        E       F      G
               +--------+--------+--------+--------+--------+-----+--------+
         Total |   5452 |   5335 |    117 |   1352 |   1629 |   4 | 1363.0 |
       Dungeon |   5452 |   5335 |    117 |   1352 |   1629 |   4 | 1363.0 |
               +--------+--------+--------+--------+--------+-----+--------+

Top non-repeatable levels by time:
     D:2: 2994 daAuts
     D:1: 1406 daAuts
     D:3: 807 daAuts
     D:4: 245 daAuts
